 Dungeon Crawl Stone Soup version 0.22.1-1-ga44c0e56f4 (webtiles) character file.

95 Ivernyr the Magician (level 4, -2/24 HPs)
             Began as a Deep Elf Wizard on Oct 26, 2018.
             Was a Follower of Cheibriados.
             Slain by a gnoll
             ... wielding a +0 halberd
              (11 damage)
             ... on level 2 of the Dungeon.
             The game lasted 00:11:28 (1990 turns).

Ivernyr the Magician (Deep Elf Wizard)              Turns: 1990, Time: 00:11:28

Health: -2/24      AC:  4    Str:  6    XL:     4   Next: 40%
Magic:  1/13       EV: 14    Int: 26    God:    Cheibriados [*.....]
Gold:   65         SH:  0    Dex: 15    Spells: 5/14 levels left

rFire    . . .     SeeInvis +   g - +4 trident
rCold    . . .     Gourm    .   (no shield)
rNeg     . . .     Faith    .   a - +0 robe
rPois    .         Spirit   .   (no helmet)
rElec    .         Reflect  .   (no cloak)
rCorr    .         Harm     .   (no gloves)
MR       .....                  m - +1 pair of boots
Stlth    ++........             (no amulet)
HPRegen  0.08/turn              b - ring of see invisible
MPRegen  0.13/turn              (no ring)

@: very slow
A: no striking features
a: Bend Time, Renounce Religion


You were on level 2 of the Dungeon.
You worshipped Cheibriados.
Cheibriados was aware of your devotion.
You were not hungry.

You visited 1 branch of the dungeon, and saw 2 of its levels.

You collected 65 gold pieces.

Inventory:

Hand Weapons
 g - a +4 trident (weapon)
Armour
 a - a +0 robe (worn)
 m - a +1 pair of boots (worn)
Jewellery
 b - a ring of see invisible (left hand)
Scrolls
 e - a scroll of fog {unknown}
 f - a scroll of enchant weapon {unknown}
 i - a scroll of immolation {unknown}
 k - a scroll of identify {unknown}
Potions
 c - a potion of mutation {unknown}
 h - a potion of flight {unknown}
 j - a potion of berserk rage {unknown}
 n - a potion of heal wounds {unknown}
Comestibles
 d - 6 rations


   Skills:
 + Level 3.4 Dodging
 - Level 2.4 Stealth
 * Level 5.8 Spellcasting
 + Level 2.3 Conjurations
   Level 1.1 Summonings
 - Level 1.1 Translocations
 + Level 1.1 Invocations


You had 5 spell levels left.
You knew the following spells:

 Your Spells              Type           Power        Failure   Level  Hunger
a - Magic Dart            Conj           ###.         2%          1    None
b - Blink                 Tloc           N/A          7%          2    None
c - Conjure Flame         Conj/Fire      ##......     13%         3    None
d - Mephitic Cloud        Conj/Pois/Air  ##......     16%         3    None

Your spell library contained the following spells:

 Spells                   Type           Power        Failure   Level  Hunger
 Call Imp                 Summ           ##......     7%          2    None
 Slow                     Hex            #.......     11%         2    None


Dungeon Overview and Level Annotations

Branches:
Dungeon (2/15)

Altars:
Cheibriados


Message History

You closely miss the gnoll.
The gnoll is heavily wounded.
The gnoll barely misses you.
You closely miss the gnoll.
The gnoll is moderately wounded.
The gnoll closely misses you. The gnoll barely misses you.
You hit the gnoll.
The gnoll is heavily wounded.
The gnoll misses you. The gnoll barely misses you. The gnoll hits you.
You barely miss the gnoll.
The gnoll is heavily wounded.
The gnoll closely misses you. The gnoll hits you!
You hit the gnoll.
The gnoll is almost dead.
The gnoll barely misses you. The gnoll closely misses you. The gnoll hits you.
You puncture the gnoll!
You kill the gnoll!
Cheibriados thoroughly appreciates the change of pace.
The gnoll hits you from afar with a halberd!
You die...

.#........# #.#.#.## .####.....#
#. # #.## .####.....# #. ####.#
#.## .#........# #. .(.#.####
#.## .#........# #) #.......#
#.## .#........# #. #......(# #)#
.#........# #) #.......####.##
.#........# #g####..............
#####....# #.†@............#.##
.#####....#########..........#...
..........................##.####
.####.#.#..............#####.# #
#....#.##########.##### #.#
#.#..#.######## #.# #.#
#.#...........###.# #.#
##.#...............# #.#
##.#...........)...# #.#


You could see a gnoll.

Vanquished Creatures
  3 gnolls (D:2)
  An ooze (D:2)
  3 worms (D:2)
  2 dart slugs (D:1)
  2 leopard geckos
  2 ball pythons (D:1)
  A giant cockroach (D:1)
  8 goblins
  7 hobgoblins
  A quokka (D:2)
  7 bats
  2 frilled lizards
  7 kobolds
  A rat (D:2)
47 creatures vanquished.

Notes
Turn   | Place    | Note
-------+----------+-------------------------------------------
     0 | D:1      | Ivernyr the Deep Elf Wizard began the quest for the Orb.
     0 | D:1      | Reached XP level 1. HP: 10/10 MP: 7/7
   174 | D:1      | Reached XP level 2. HP: 15/15 MP: 5/9
   257 | D:1      | Learned a level 2 spell: Blink
   299 | D:1      | Reached skill level 5 in Spellcasting
   790 | D:1      | Reached XP level 3. HP: 19/19 MP: 3/11
   795 | D:1      | Learned a level 3 spell: Conjure Flame
   799 | D:1      | Learned a level 3 spell: Mephitic Cloud
  1225 | D:2      | Found a snail-covered altar of Cheibriados.
  1236 | D:2      | Became a worshipper of Cheibriados the Contemplative
  1917 | D:2      | Reached * piety under Cheibriados
  1975 | D:2      | Reached XP level 4. HP: 24/24 MP: 7/13
  1981 | D:2      | Reached skill level 1 in Invocations
  1990 | D:2      | Slain by a gnoll

Skill      XL: |  1  2  3  4 |
---------------+-------------+-----
Spellcasting   | 5 |  5.8
Dodging        | 3 |  3.4
Conjurations   | 2 |  2.3
Invocations    | 1 |  1.1
Stealth        | |  2.4
Summonings     | |  1.1
Translocations | |  1.1

Action                   |  1- 3 |  4- 6 || total
-------------------------+-------+-------++-------
Melee: Trident           |     2 |     6 ||     8
 Cast: Magic Dart        |   123 |     9 ||   132
  Eat: Chunk             |     3 |       ||     3
Armor: Robe              |     3 |     1 ||     4
Dodge: Dodged            |    22 |     8 ||    30
